 Dungeon Crawl Stone Soup version 0.28.0 (webtiles) character file.

Game seed: 13453633023534922755

123 RighteousDevil the Grave Robber (level 4, -1/42 HPs)
             Began as a Deep Dwarf Necromancer on Feb 15, 2022.
             Killed by nerve-wracking pain
             ... invoked by Grinder
              (12 damage)
             ... while paralysed by Grinder
             ... on level 4 of the Dungeon.
             The game lasted 00:05:00 (2191 turns).

RighteousDevil the Grave Robber (DDNe)              Turns: 2191, Time: 00:05:00

Health: -1/42      AC:  7    Str: 14    XL:     4   Next: 80%
Magic:  5/5        EV:  2    Int: 15    God:
Gold:   122        SH:  0    Dex: 20    Spells: 2/6 levels left

rFire   . . .      SeeInvis .   a - +0 flail
rCold   . . .      Faith    .   (no shield)
rNeg    . . .      Spirit   .   e - +0 scale mail
rPois   +          Reflect  .   (no helmet)
rElec   .          Harm     .   (no cloak)
rCorr   .          Rampage  .   h - +0 pair of gloves "Taavaowe" {Dex+7}
Will    .....                   (no boots)
Stlth   +.........              (no amulet)
HPRegen 0.00/turn               c - ring of poison resistance
MPRegen 0.09/turn               (no ring)

@: paralysed
A: damage resistance, heal wounds, sense surroundings 1, no regeneration
a: Heal Wounds


You were on level 4 of the Dungeon.
You visited 1 branch of the dungeon, and saw 4 of its levels.

You collected 122 gold pieces.

Inventory:

Hand Weapons
 a - a +0 flail (weapon)
Missiles
 g - 4 silver boomerangs
Armour
 e - a +0 scale mail (worn)
 h - the +0 pair of gloves "Taavaowe" (worn) {Dex+7}
   (You found it on level 2 of the Dungeon)

   Dex:       It affects your dexterity (+7).
Jewellery
 c - a ring of poison resistance (left hand)
Scrolls
 d - 2 scrolls of immolation
Potions
 b - a potion of attraction


   Skills:
 - Level 3.3 Fighting
 + Level 1.5 Maces & Flails
 - Level 2.1 Dodging
 - Level 2.4 Stealth
 - Level 1.7 Spellcasting
 + Level 4.8 Necromancy


You had 2 spell levels left.
You knew the following spells:

 Your Spells              Type           Power      Damage    Failure   Level
a - Pain                  Necr           60%        1d7       14%         1
b - Vampiric Draining     Necr           15%        2d7       38%         3

Your spell library contained the following spells:

 Spells                   Type           Power      Damage    Failure   Level
 Animate Skeleton         Necr           30%        N/A       14%         1
 Animate Dead             Necr           7%         N/A       80%         4
 Agony                    Necr           15%        N/A       98%         5


Dungeon Overview and Level Annotations

Branches:
Dungeon (4/15)
 Temple: D:4-7

Altars:

Shops:
D:2 [

Annotations:
D:4 Grinder


Innate Abilities, Weirdness & Mutations

You are resistant to damage.
You can heal yourself by infusing magical energy.
You passively map a small area around you.
You do not regenerate.


Message History

Grinder gestures at you.
You struggle to resist.
The orc hits you with a +0 club. The kobold barely misses you.
Unknown command.
You hit the orc.
The orc is heavily wounded.
The orc barely misses you. Grinder completely misses you.
The kobold barely misses you. Grinder hits you but does no damage.
The orc barely misses you.
Unknown command.
You completely miss the orc.
The orc is heavily wounded.
The kobold hits you but does no damage. The orc hits you but does no damage.
Grinder says, "Mostly I couldn't keep them alive."
Grinder hits you!
* * * LOW HITPOINT WARNING * * *
The kobold hits you with a +0 dagger.
* * * LOW HITPOINT WARNING * * *
You feel much better. The orc closely misses you. Grinder gestures at you.
Pain shoots through your body! The kobold hits you with a +0 dagger.
You fail to use your ability.
The orc closely misses you. Grinder gestures at you.
You suddenly lose the ability to move!
The kobold hits you but does no damage. The orc hits you but does no damage.
Grinder gestures at you.
You struggle to resist.
The kobold hits you but does no damage. The orc hits you but does no damage.
Grinder barely misses you. The kobold hits you but does no damage.
The orc hits you with a +0 club. Grinder gestures at you.
Pain shoots through your body! The kobold hits you with a +0 dagger.
The orc hits you but does no damage. Grinder hits you but does no damage.
The kobold hits you but does no damage. Grinder hits you.
You writhe in agony.
* * * LOW HITPOINT WARNING * * *
The orc hits you but does no damage. The kobold hits you but does no damage.
Grinder gestures at you. Pain shoots through your body!
You die...

############ ,
#...........
*#######)#.#.#.....
,........<.........
, *
####.##.#.#.#.....
,
..................
, , ,,
......#.#.#.#.....
,
#....#.oK.........
#.##.##@#.#.#.....
* # # #.5..........
, * ##.#.#.#.!K.. *
, .........### ,
#.#.#.### ,, ,...
..# * #.# *,## * *
...,,, , , , * *


You could see Grinder, an orc and a kobold.

Vanquished Creatures
  Jessica (D:3)
  3 adders
  3 worms
  A dart slug (D:1)
  4 orcs
  4 ball pythons
  2 endoplasms
  3 giant cockroaches
  8 goblins
  6 hobgoblins
  3 quokkas
  5 bats
  2 frilled lizards
  5 kobolds
  4 rats
54 creatures vanquished.

Notes
Turn   | Place    | Note
-------+----------+-------------------------------------------
     0 | D:1      | RighteousDevil the Deep Dwarf Necromancer began the quest
                  | for the Orb.
     0 | D:1      | Reached XP level 1. HP: 15/15 MP: 3/3
   279 | D:1      | Reached skill level 1 in Fighting
   469 | D:1      | Reached XP level 2. HP: 14/25 MP: 4/4
   770 | D:2      | Found Rucomupe's Antique Armour Emporium.
   839 | D:2      | Reached XP level 3. HP: 18/33 MP: 5/5
   847 | D:2      | Identified the +0 pair of gloves "Taavaowe" {Dex+7}
   929 | D:2      | Found a faded altar of an unknown god.
   961 | D:2      | Learned a level 3 spell: Vampiric Draining
  1538 | D:3      | Reached XP level 4. HP: 23/42 MP: 6/6
  1613 | D:3      | Noticed Jessica
  1617 | D:3      | Killed Jessica
  1618 | D:3      | Reached skill level 1 in Maces & Flails
  1928 | D:4      | Noticed Grinder
  2171 | D:4      | Paralysed by Grinder for 6 turns
  2185 | D:4      | Paralysed by Grinder for 7 turns
  2191 | D:4      | Killed from afar by Grinder

Illustrated notes

Levels and vault maps discovered:
D:1:      ncdulo_wetmaze, layout_basic
D:2:      layout_basic, serial_shops, nicolae_diamond_shop,
          hellmonk_ecumenical_altar_prayer_group, wad_floor_pattern_untrapped
D:3:      layout_rooms, uniq_jessica
D:4:      layout_basic, nicolae_overflow_hallway_of_the_gods,
          mainiacjoe_overflow_boulevard, st_stairs_12, uniq_grinder, uniq_pikel,
          uniq_sigmund

Skill      XL: |  1  2  3  4 |
---------------+-------------+-----
Fighting       | 1 2 3 |  3.3
Maces & Flails | 1 |  1.5
Dodging        | |  2.1
Stealth        | |  2.4
Spellcasting   | |  1.7
Necromancy     | |  4.8

Action                   |  1- 3 |  4- 6 || total
-------------------------+-------+-------++-------
Melee: Mace              |    68 |       ||    68
       Punch             |     3 |     2 ||     5
       Flail             |    67 |    59 ||   126
 Cast: Pain              |     4 |       ||     4
 Abil: Heal Wounds       |       |     4 ||     4
  Use: Scroll            |     4 |     2 ||     6
       Potion            |     2 |     1 ||     3
Armor: Scale mail        |   104 |    37 ||   141
       Robe              |     2 |       ||     2
Dodge: Dodged            |   122 |    44 ||   166
